 Dungeon Crawl Stone Soup version 0.26-a0-663-g36e8fdb655 (webtiles) character file.

Game seed: 7742551439674048268

47 Conn the Firebug (level 3, -4/19 HPs)
             Began as a Deep Elf Fire Elementalist on Oct 11, 2020.
             Shot with a stone by a goblin (6 damage)
             ... on level 3 of the Dungeon.
             The game lasted 00:05:20 (1660 turns).

Conn the Firebug (Deep Elf Fire Elementalist)       Turns: 1660, Time: 00:05:21

Health: -4/19      AC:  3    Str:  5    XL:     3   Next: 48%
Magic:  4/10       EV: 13    Int: 20    God:
Gold:   82         SH:  0    Dex: 15    Spells: 2/9 levels left

rFire    . . .     SeeInvis .   (no weapon)
rCold    . . .     Faith    .   (no shield)
rNeg     + . .     Spirit   .   a - +0 robe
rPois    .         Reflect  .   (no helmet)
rElec    .         Harm     .   (no cloak)
rCorr    .         Rampage  .   l - +0 pair of gloves
MR       .....                  (no boots)
Stlth    ++........             (no amulet)
HPRegen  0.06/turn              i - ring of positive energy
MPRegen  0.12/turn              (no ring)

@: mighty
A: no striking features
a: no special abilities


You were on level 3 of the Dungeon.
You visited 1 branch of the dungeon, and saw 3 of its levels.

You collected 82 gold pieces.

Inventory:

Missiles
 n - 16 poisoned darts (quivered)
Armour
 a - a +0 robe (worn)
 l - a +0 pair of gloves (worn)
Jewellery
 i - a ring of positive energy (left hand)
Scrolls
 c - 2 scrolls of remove curse {unknown}
 d - a scroll of identify {unknown}
 e - a scroll of magic mapping {unknown}
 f - a scroll of teleportation {unknown}
 g - a scroll of blinking {unknown}
 j - a scroll of enchant weapon {unknown}
 p - 2 scrolls of amnesia {unknown}
Potions
 b - a potion of might
 h - a potion of flight {unknown}
 k - a potion of invisibility {unknown}
 m - a potion of curing {unknown}
 o - a potion of heal wounds {unknown}


   Skills:
 + Level 2.8 Dodging
 + Level 2.8 Stealth
 + Level 3.9 Spellcasting
 + Level 1.3 Conjurations
 + Level 4.0 Fire Magic


You had 2 spell levels left.
You knew the following spells:

 Your Spells              Type           Power        Failure   Level
a - Foxfire               Conj/Fire      ##..         4%          1
b - Conjure Flame         Conj/Fire      ##......     13%         3
c - Inner Flame           Hex/Fire       ##......     17%         3

Your spell library contained the following spells:

 Spells                   Type           Power        Failure   Level
 Sticky Flame             Conj/Fire      ##......     38%         4
 Fireball                 Conj/Fire      ##........   75%         5


Dungeon Overview and Level Annotations

Branches:
Dungeon (3/15)

Altars:


Message History

The foxfire hits the orc priest but does no damage.
The orc priest is severely wounded.
The goblin shoots a stone.
The stone barely misses you.
Unknown command.
Casting: Foxfire (safe; 4% risk of failure)
Confirm with . or Enter, or press ? or * to list all spells.
You conjure some foxfire!
The goblin shoots a stone.
The stone barely misses you.
The foxfire hits the orc priest but does no damage.
The orc priest is severely wounded.
The foxfire hits the orc priest but does no damage.
The orc priest is severely wounded.
The orc priest mumbles some strange prayers to Beogh against you.
Beogh smites you!
Ouch! That really hurt!
* * * LOW HITPOINT WARNING * * *
It was a potion of might.
You feel very mighty all of a sudden.
The goblin shoots a stone.
The stone hits you.
You die...

.....##.# #.#
#..####.####.#######
##.)........>......#
######..##.#####..#
#........# #..#
####..#### #..# #..#
#..# #..# ###ยง.#
##.# #.@o.# ###
#.#.## #.#o# #g#.#
#g#.# #.#.# #.#.. ..
..


You could see an orc priest, an orc and 2 goblins.

Vanquished Creatures
  2 adders (D:2)
  An ooze (D:1)
  A worm (D:2)
  A dart slug (D:1)
  A leopard gecko (D:2)
  3 bats
  2 goblins
  3 hobgoblins
  3 kobolds
  2 rats
19 creatures vanquished.

Vanquished Creatures (others)
  69 foxfires
69 creatures vanquished.

Grand Total: 88 creatures vanquished

Notes
Turn   | Place    | Note
-------+----------+-------------------------------------------
     0 | D:1      | Conn the Deep Elf Fire Elementalist began the quest for the
                  | Orb.
     0 | D:1      | Reached XP level 1. HP: 10/10 MP: 6/6
   468 | D:1      | Reached XP level 2. HP: 15/15 MP: 1/8
  1015 | D:2      | Reached XP level 3. HP: 19/19 MP: 6/10
  1027 | D:2      | Learned a level 3 spell: Conjure Flame
  1031 | D:2      | Learned a level 3 spell: Inner Flame
  1080 | D:2      | Found a faded altar of an unknown god.
  1106 | D:2      | Reached skill level 4 in Fire Magic
  1660 | D:3      | Shot with a stone by a goblin

Illustrated notes

Levels and vault maps discovered:
D:1:      minmay_arrival_loop, layout_basic, hex_large
D:2:      layout_rooms, chequers_ecumenical_altar_grove, minmay_pentomino_p2
D:3:      minmay_inner_zag, layout_loops_ring, lemuel_flame_loot_1

Skill      XL: |  1  2  3 |
---------------+----------+-----
Fire Magic     | 4 |  4.0
Dodging        | |  2.8
Stealth        | |  2.8
Spellcasting   | |  3.9
Conjurations   | |  1.3

Action                   || total
-------------------------++-------
Melee: Unarmed           ||     3
 Cast: Foxfire           ||    39
  Use: Potion            ||     1
 Stab: Sleeping          ||     1
Armor: Robe              ||     3
Dodge: Dodged            ||    15

Table legend: (Time is in decaauts)
 A = Elapsed time spent in this place.
 B = Non-inter-level travel time spent in this place.
 C = Inter-level travel time spent in this place.
 D = Time resting spent in this place.
 E = Time spent auto-exploring this place.
 F = Levels seen in this place.
 G = Mean time per level.
                   A        B        C        D        E       F      G
               +--------+--------+--------+--------+--------+-----+--------+
         Total |   1659 |   1632 |     27 |    228 |   1040 |   3 |  553.0 |
       Dungeon |   1659 |   1632 |     27 |    228 |   1040 |   3 |  553.0 |
               +--------+--------+--------+--------+--------+-----+--------+

Top non-repeatable levels by time:
     D:1: 985 daAuts
     D:2: 619 daAuts
     D:3: 54 daAuts
